 Dungeon Crawl Stone Soup version bcrawl-1.36.3 (webtiles) character file.

Game seed: 2886682833310888975

197805 zzzzzzzz the Shooter (level 4, 30/38 HPs)
             Began as a Centaur Hunter on Oct 15, 2021.
             Quit the game on level 3 of the Dungeon on June 22, 2022.
             The game lasted 00:05:50 (1244 turns).

zzzzzzzz the Shooter (Centaur Hunter)               Turns: 1244, Time: 00:05:52

Health: 30/38      AC:  4    Str: 17    XL:     4   Next: 78%
Magic:  4/4        EV:  9    Int: 11    God:
Gold:   105        SH:  0    Dex: 10    Spells: 3/3 levels left

rFire    . . .     SeeInvis .   a - +2 shortbow
rCold    . . .     Gourm    .   (shield currently unavailable)
rNeg     . . .     Faith    .   c - +0 leather armour
rPois    .         Spirit   .   (no helmet)
rElec    .         Reflect  .   (no cloak)
rCorr    .                      (no gloves)
MR       .....                  (no barding)
Stlth    ..........             (no amulet)
HPRegen  0.12/turn              m - ring of attention (curse)
MPRegen  0.09/turn              (no ring)

@: very quick
A: large, hooves 3, deformed body, herbivore, speed 2, tough skin 3
a: no special abilities


You were on level 3 of the Dungeon.
You were hungry.

You visited 1 branch of the dungeon, and saw 3 of its levels.

You collected 105 gold pieces.

Inventory:

Hand Weapons
 a - a +2 shortbow (weapon)
 b - a +0 short sword
Missiles
 d - 168 arrows (quivered)
Armour
 c - a +0 leather armour (worn)
Jewellery
 m - a cursed ring of attention (left hand)
Scrolls
 f - a scroll of remove curse {unknown}
 h - 3 scrolls of enchant armour {unknown}
 j - a scroll of magic mapping {unknown}
 n - a scroll of noise {unknown}
Potions
 g - a potion of magic
 i - 2 potions of curing {unknown}
 k - a potion of invisibility
 l - 2 potions of berserk rage
Comestibles
 e - 3 rations {!d}


   Skills:
 + Level 3.3 Fighting
 + Level 6.1 Bows
 + Level 1.8 Armour
 + Level 2.2 Dodging
 - Level 0.5 Stealth


You had 3 spell levels left.
You didn't know any spells.
Your spell library was empty.

Dungeon Overview and Level Annotations

Branches:
Dungeon (3/12)

Altars:


Innate Abilities, Weirdness & Mutations

You have hooves in place of feet.
Armour fits poorly on your strangely shaped body.
You are a herbivore.
You cover ground very quickly.
You have extremely tough skin. (AC +3)


Message History

Aim: an adder (moderately wounded)
You shoot an arrow. The arrow hits the adder.
The adder is almost dead.
The adder bites you but does no damage. The adder bites you.
Firing (i - inventory)
d - 170 arrows (quivered)
Press: ? - help, Shift-Dir - straight line, f/p - adder
Aim: an adder (almost dead)
You shoot an arrow. The arrow closely misses the adder.
The adder bites you.
Firing (i - inventory)
d - 169 arrows (quivered)
Press: ? - help, Shift-Dir - straight line, f/p - adder
Aim: an adder (almost dead)
You shoot an arrow. The arrow hits the adder!
You kill the adder!
No target in view!
Welcome back, zzzzzzzz the Centaur Hunter.
Press m to set your skill training.
Press ? for a list of commands and other information.
Are you sure you want to abandon this character and quit the game? (Confirm with "yes".)
Okay, then.
Unknown command.
Are you sure you want to abandon this character and quit the game? (Confirm with "yes".)

........###
..#.......# #........#
#...#.....#
..#..#......#
..###.......#
.#...#...††.#
#.....#.#@#
........#.# .#..
#.....#.#.# #...#
#...#..(.#
...#.#...###.....#
..#...#. #..#..#.#
#.....###...#.#.#####
.#.....#..#...........
.#.....#†..#...#.#####


There were no monsters in sight!

Vanquished Creatures
  Terence (D:3)
  4 adders
  An ooze (D:2)
  A dart slug (D:3)
  2 worms
  2 leopard geckos
  5 goblins
  3 hobgoblins
  3 jackals (D:1)
  A quokka (D:2)
  8 bats
  2 frilled lizards
  12 kobolds
  7 rats
52 creatures vanquished.

Notes
Turn   | Place    | Note
-------+----------+-------------------------------------------
     0 | D:1      | zzzzzzzz the Centaur Hunter began the quest for the Orb.
     0 | D:1      | Reached XP level 1. HP: 17/17 MP: 1/1
   198 | D:1      | Reached XP level 2. HP: 18/25 MP: 2/2
   503 | D:1      | Reached skill level 1 in Armour
   618 | D:2      | Reached XP level 3. HP: 25/30 MP: 3/3
   948 | D:2      | Reached XP level 4. HP: 38/38 MP: 4/4
  1105 | D:3      | Noticed Terence
  1110 | D:3      | Killed Terence
  1111 | D:3      | Reached skill level 6 in Bows
  1244 | D:3      | Upgraded the game from bcrawl-1.34.3 to bcrawl-1.36.3
  1244 | D:3      | Quit the game

Skill      XL: |  1  2  3  4 |
---------------+-------------+-----
Armour         | 1 |  1.8
Fighting       | 3 |  3.3
Dodging        | 2 |  2.2
Bows           | 6 |  6.1
Stealth        | |  0.5

Action                   |  1- 3 |  4- 6 || total
-------------------------+-------+-------++-------
Melee: Shortbow          |    18 |       ||    18
       Kick              |     4 |       ||     4
 Fire: Shortbow          |   106 |    34 ||   140
  Use: Scroll            |     4 |       ||     4
  Eat: Ration            |     1 |       ||     1
Armor: Leather armour    |    20 |     2 ||    22
Dodge: Dodged            |    29 |     2 ||    31
